Map: King's Cove LE

Players

MonoChrome - Winner!

  • Race: Terran Terran
  • League: Platinum
  • Spawn Location: 11:00

Temujin

  • Race: Zerg Zerg
  • League: Gold
  • Spawn Location: 5:00

VOD

Have the link to the VOD?

Description

Time

  • Played on: Feb. 10, 2019, 3:45 a.m.
  • Length: 12:46
Show
View Real Time Build Order
Export as new Build Order

MonoChrome Terran - Winner!

Build Orders: Gas First Reaper Expand, Liberator Opening 

Get SALT Encoding   

  12  0:00  SCV  
  13  0:12  SCV  
  14  0:18  Supply Depot  
  14  0:25  SCV  
  15  0:30  Refinery  
  15  0:40  SCV  
  16  0:46  Barracks  
  16  0:52  SCV  
  18  1:04  SCV  
  18  1:16  SCV  
  19  1:32  Orbital Command  
  19  1:33  Reaper  
  20  1:54  Command Center  
  20  1:58  SCV  
  21  2:02  Factory  
  21  2:13  SCV  
  21  2:15  Barracks Reactor  
  22  2:17  Refinery  
  22  2:25  Supply Depot, SCV  
  23  2:46  SCV  
  24  2:55  Starport  
  24  2:58  SCV  
  24  3:01  Hellion x2  
  24  3:02  Marine  
  30  3:08  Orbital Command  
  30  3:10  SCV  
  31  3:23  SCV  
  31  3:25  Hellion x2  
  36  3:34  Liberator  
  36  3:35  SCV  
  36  3:38  SCV  
  36  3:40  Supply Depot  
  38  3:47  SCV  
  41  3:51  SCV  
  45  3:58  Hellion  
  45  3:59  SCV  
  45  4:02  Hellion  
  48  4:03  SCV  
  48  4:04  Supply Depot  
  49  4:11  SCV  
  49  4:13  Supply Depot  
  49  4:15  SCV  
  51  4:23  SCV  
  52  4:27  SCV  
  53  4:35  Factory Tech Lab, SCV  
  54  4:42  Command Center  
  54  4:44  Supply Depot  
  54  4:45  SCV  
  54  4:51  Engineering Bay, Barracks  
  54  4:52  Barracks  
  55  4:55  Engineering Bay  
  55  5:00  Starport Reactor  
  55  5:02  Siege Tank  
  58  5:09  SCV  
  58  5:10  SCV  
  60  5:20  Terran Infantry Weapons Level 1  
  57  5:21  Terran Infantry Armor Level 1  
  57  5:22  SCV x2  
  57  5:24  Supply Depot  
  59  5:32  Marine x2  
  59  5:34  SCV x2  
  63  5:40  Barracks Tech Lab  
  63  5:41  Barracks Reactor  
  63  5:46  SCV x2, Barracks  
  63  5:47  Supply Depot, Barracks  
  63  5:49  Missile Turret  
  65  5:54  Missile Turret  
  65  5:58  SCV x2, Orbital Command  
  65  5:59  Marine  
  65  6:00  Marine  
  69  6:10  SCV x2  
  69  6:11  Refinery  
  71  6:12  Supply Depot  
  71  6:16  Medivac  
  71  6:17  Supply Depot, Medivac  
  71  6:18  Marine x2  
  76  6:19  Marine  
  76  6:24  Stimpack  
  78  6:26  Orbital Command  
  78  6:37  SCV x2  
  77  6:49  SCV x2  
  77  6:51  Marine x2  
  77  6:52  Marine x2  
  77  6:53  Barracks Reactor x2  
  83  7:00  Siege Tank  
  86  7:05  Supply Depot  
  86  7:09  SCV x3  
  86  7:13  Marine  
  86  7:14  Marine x4  
  94  7:19  Barracks x2  
  94  7:21  SCV x3, Barracks  
  97  7:24  Medivac  
  99  7:31  Factory  
  99  7:34  Supply Depot  
  99  7:43  Refinery  
  99  7:45  Supply Depot  
  99  7:46  Supply Depot  
  99  7:48  Armory, SCV x3, Siege Tank  
  99  7:49  Marine x7  
  112  7:58  Supply Depot  
  112  7:59  Supply Depot  
  112  8:06  Marine x2  
  112  8:07  Marine x3  
  112  8:08  Barracks Reactor  
  112  8:10  Barracks Reactor  
  112  8:11  Barracks Tech Lab  
  117  8:16  Factory Tech Lab  
  117  8:23  Marine  
  117  8:24  Marine x4  
  117  8:25  Combat Shield, Marine x2  
  124  8:31  Siege Tank  
  127  8:34  Terran Infantry Weapons Level 2  
  127  8:37  Supply Depot  
  127  8:39  Supply Depot  
  127  8:42  Terran Infantry Armor Level 2  
  127  8:52  Supply Depot  
  127  8:54  Supply Depot  
  127  8:58  Marine  
  127  8:59  Marine x13  
  141  9:04  Command Center  
  141  9:08  Siege Tank  
  144  9:13  Siege Tank  
  144  9:16  Marine x4  
  144  9:17  Refinery, Marine  
  151  9:20  Medivac  
  151  9:22  Marine x5  
  159  9:24  SCV  
  147  9:56  Marine x5  
  147  9:57  Marine x8  
  147  9:58  Siege Tank x2  
  147  9:59  Medivac x2  
  165  10:12  Marine  
  166  10:14  Marine x4  
  170  10:29  Marine x9  
  170  10:30  Siege Tank  
  173  10:43  Marine  
  173  10:44  Marine x4  
  173  10:46  Marine  
  173  10:47  Marine x3  
  165  10:55  Planetary Fortress  
  160  11:00  Refinery  
  160  11:09  Marine x14  
  174  11:26  Marine  
  174  11:27  Marine x3  
  175  11:40  Refinery  
  175  11:42  Refinery  
  175  11:44  Siege Tank x2  
  176  12:00  Marine x13  
  185  12:06  Marine  
  186  12:17  Marine  
  186  12:18  Marine x7  
  190  12:24  Marine x5  
Show
View Real Time Build Order
Export as new Build Order

Temujin Zerg 

Build Orders: Hatch First 

Get SALT Encoding   

  12  0:01  Drone  
  13  0:13  Overlord  
  13  0:19  Drone  
  14  0:31  Drone x2  
  16  0:39  Drone  
  17  0:57  Drone  
  18  1:00  Drone  
  18  1:01  Hatchery  
  18  1:11  Extractor  
  17  1:16  Spawning Pool  
  16  1:20  Drone  
  16  1:22  Drone  
  18  1:28  Drone  
  19  1:48  Drone  
  19  1:52  Drone  
  21  2:06  Overlord  
  21  2:12  Zergling x2, Queen  
  21  2:15  Overlord  
  24  2:19  Queen  
  24  2:21  Metabolic Boost  
  26  2:28  Drone x2  
  28  2:41  Drone x2  
  29  2:46  Drone x2  
  30  2:52  Queen  
  32  2:58  Drone  
  32  2:59  Drone  
  34  3:09  Spine Crawler  
  34  3:11  Drone x2  
  35  3:13  Spine Crawler  
  34  3:28  Overlord x2  
  34  3:29  Drone  
  34  3:30  Drone x4  
  39  3:49  Zergling x2  
  39  3:50  Zergling x8  
  44  4:01  Drone  
  44  4:02  Drone x5  
  50  4:06  Extractor  
  50  4:07  Extractor  
  48  4:10  Spore Crawler  
  48  4:13  Spore Crawler  
  48  4:14  Drone  
  48  4:15  Drone  
  48  4:17  Overlord x2  
  48  4:24  Roach Warren  
  47  4:36  Drone  
  47  4:37  Drone x5  
  53  4:48  Evolution Chamber  
  53  4:51  Evolution Chamber  
  51  4:55  Queen  
  53  5:02  Zergling x10  
  56  5:14  Drone  
  56  5:15  Drone  
  55  5:26  Roach  
  55  5:27  Roach x5  
  65  6:09  Roach x5  
  75  6:11  Overlord x3  
  75  6:15  Hatchery  
  74  6:52  Zergling x18  
  83  7:00  Overlord x2  
  83  7:01  Overlord x2  
  83  7:02  Overlord  
  85  7:08  Roach  
  85  7:09  Roach x2  
  85  7:12  Zerg Ground Armor Level 1, Zerg Missile Weapons Level 1  
  85  7:15  Lair  
  89  7:28  Drone  
  89  7:29  Drone x4  
  94  7:49  Drone  
  94  7:50  Drone x7  
  102  8:07  Extractor  
  102  8:08  Drone x7  
  108  8:28  Roach  
  108  8:29  Roach x11  
  132  8:35  Extractor  
  132  8:36  Extractor  
  130  9:07  Hatchery  
  129  9:13  Drone x6  
  129  9:14  Drone  
  136  9:23  Glial Reconstitution, Infestation Pit  
  135  9:24  Hydralisk Den  
  135  9:27  Zerg Missile Weapons Level 2  
  135  9:28  Zerg Ground Armor Level 2  
  135  9:31  Drone x4  
  136  9:33  Overlord x8  
  118  9:51  Roach x7  
  108  10:11  Overseer x4  
  108  10:15  Hydralisk  
  108  10:16  Hydralisk x8  
  126  10:26  Overseer  
  88  10:56  Hydralisk  
  88  10:57  Hydralisk x14  
  118  11:28  Hydralisk x5  
  118  11:29  Hydralisk x6  
  138  11:51  Roach x10  
  138  11:53  Roach  
  140  11:59  Zergling x4  
  140  12:00  Zergling x2  
  120  12:08  Zergling x4  
  104  12:25  Zergling x8  
  104  12:26  Zergling x2  
Tags
 
Add a new tag
Caveats
  • Supply blocks, unpowered buildings, or Contaminate may cause inaccurate times.
  • Supply counts are checked every 10 seconds.